Map: King Sejong Station LE

Players

Gracz - Winner!

  • Race: Protoss Protoss

Dragoner

  • Race: Terran Terran
  • League: Silver

VOD

Have the link to the VOD?

Description

Time

  • Played on: Oct. 19, 2016, 11:39 a.m.
  • Length: 17:38
Show
View Real Time Build Order
Export as new Build Order

Gracz Protoss - Winner!

Build Orders: 1 Gate Expand 

Get SALT Encoding   

  12  0:01  Probe (Chrono Boost)  
  13  0:20  Pylon  
  13  0:24  Probe (Chrono Boost)  
  14  0:42  Gateway  
  14  0:48  Gateway  
  14  0:55  Probe (Chrono Boost)  
  15  1:06  Assimilator, Probe (Chrono Boost)  
  16  1:16  Probe (Chrono Boost)  
  17  1:27  Probe (Chrono Boost)  
  18  1:36  Unknown, Nexus  
  18  1:47  Cybernetics Core  
  18  2:03  Probe (Chrono Boost)  
  19  2:13  Probe (Chrono Boost)  
  20  2:24  Probe (Chrono Boost)  
  20  2:28  Pylon  
  21  2:35  Assimilator, Probe (Chrono Boost)  
  22  2:45  Probe (Chrono Boost)  
  22  2:46  Pylon, Warp Gate  
  22  2:47  Unknown  
  23  2:51  Pylon  
  23  2:56  Probe (Chrono Boost)  
  24  3:06  Probe (Chrono Boost)  
  26  3:13  Assimilator, Probe (Chrono Boost)  
  26  3:17  Pylon, Probe (Chrono Boost)  
  26  3:25  Probe (Chrono Boost)  
  27  3:27  Probe (Chrono Boost)  
  27  3:28  Gateway x2  
  28  3:37  Probe (Chrono Boost)  
  28  3:38  Twilight Council  
  29  3:42  Probe (Chrono Boost)  
  31  3:49  Probe (Chrono Boost)  
  31  3:53  Probe (Chrono Boost)  
  32  4:01  Probe (Chrono Boost)  
  33  4:03  Gateway, Probe (Chrono Boost)  
  33  4:08  Stalker  
  33  4:09  Stalker  
  38  4:13  Probe (Chrono Boost)  
  38  4:16  Mothership Core (Chrono Boost)  
  41  4:22  Assimilator  
  42  4:25  Probe (Chrono Boost)  
  42  4:34  Probe (Chrono Boost)  
  43  4:38  Pylon  
  43  4:54  Blink  
  43  5:01  Unknown, Stalker, Nexus  
  43  5:03  Sentry x2  
  43  5:04  Sentry, Pylon  
  51  5:08  Pylon  
  45  5:24  Stalker  
  41  5:29  Pylon  
  41  5:31  Stalker x2  
  43  5:42  Stalker  
  43  5:43  Stalker  
  43  6:00  Probe (Chrono Boost)  
  43  6:01  Probe (Chrono Boost)  
  45  6:05  Robotics Facility  
  45  6:07  Robotics Facility  
  47  6:12  Unknown  
  47  6:13  Stalker, Probe x2 (Chrono Boost)  
  47  6:14  Stalker  
  49  6:21  Pylon  
  49  6:23  Stalker x2  
  47  7:04  Probe (Chrono Boost)  
  47  7:05  Probe x2 (Chrono Boost)  
  47  7:07  Pylon  
  50  7:12  Stalker  
  50  7:13  Stalker x2  
  50  7:14  Probe (Chrono Boost)  
  57  7:17  Probe x2 (Chrono Boost)  
  59  7:25  Probe (Chrono Boost)  
  59  7:29  Probe x2 (Chrono Boost)  
  62  7:55  Stalker x3  
  62  7:56  Stalker x2  
  72  7:59  Immortal x2  
  72  8:00  Assimilator  
  72  8:05  Assimilator  
  80  8:12  Forge  
  80  8:18  Gateway  
  78  8:20  Gateway  
  78  8:25  Stalker x3  
  84  8:28  Sentry x2  
  58  8:57  Stalker  
  58  8:58  Stalker x3  
  58  8:59  Stalker  
  68  9:16  Probe (Chrono Boost)  
  71  9:18  Probe x2 (Chrono Boost)  
  71  9:21  Immortal  
  71  9:22  Protoss Ground Weapons Level 1, Immortal  
  71  9:27  Probe (Chrono Boost)  
  71  9:30  Probe x2 (Chrono Boost)  
  82  9:32  Robotics Facility  
  82  9:38  Probe (Chrono Boost)  
  83  9:42  Probe x2 (Chrono Boost)  
  85  9:46  Stalker x2  
  85  9:47  Stalker  
  85  9:48  Probe (Chrono Boost)  
  85  9:52  Unknown, Stalker, Nexus  
  96  9:54  Probe x2 (Chrono Boost)  
  96  9:56  Pylon  
  96  9:57  Stalker  
  96  9:58  Stalker  
  100  10:00  Pylon  
  100  10:06  Probe (Chrono Boost)  
  104  10:14  Mothership Core (Chrono Boost)  
  104  10:16  Probe (Chrono Boost)  
  104  10:18  Probe (Chrono Boost)  
  104  10:19  Stalker  
  104  10:20  Stalker  
  109  10:21  Stalker  
  109  10:26  Stalker  
  109  10:28  Probe (Chrono Boost)  
  98  10:43  Stalker  
  98  10:44  Stalker  
  80  11:04  Unknown  
  72  11:13  Stalker x2  
  72  11:14  Stalker  
  72  11:15  Stalker  
  72  11:16  Stalker  
  82  11:19  Stalker, Immortal x2  
  82  11:20  Stalker  
  82  11:24  Immortal  
  98  11:31  Probe (Chrono Boost)  
  98  11:32  Probe (Chrono Boost)  
  102  11:33  Probe x2 (Chrono Boost)  
  102  11:38  Pylon  
  102  11:39  Pylon  
  102  11:44  Robotics Bay  
  102  11:49  Templar Archives  
  102  11:50  Assimilator  
  102  11:53  Robotics Facility  
  102  11:55  Assimilator  
  102  12:00  Gateway  
  102  12:02  Gateway  
  94  12:26  Stalker x4  
  94  12:27  Stalker  
  94  12:28  Stalker  
  94  12:29  Stalker  
  108  12:37  Immortal x2  
  108  12:40  Immortal  
  86  13:02  Stalker  
  86  13:03  Colossus, Stalker x3  
  86  13:04  Stalker  
  86  13:05  Stalker x2  
  76  14:04  Extended Thermal Lance  
  76  14:05  Stalker  
  76  14:06  Stalker x4  
  76  14:07  Stalker x2, Immortal x3  
  76  14:08  Stalker  
  92  14:11  Immortal  
  108  14:34  Pylon  
  108  14:36  Pylon  
  108  14:37  Stalker x3  
  108  14:38  Stalker  
  118  14:40  Mothership Core (Chrono Boost)  
  118  14:48  Observer x2  
  120  14:54  Immortal  
  120  14:55  Disruptor  
  127  15:18  Stalker x4  
  127  15:19  Stalker x2  
  137  15:31  Colossus  
  109  16:03  Stalker  
  109  16:04  Stalker x3  
  105  16:05  Stalker x2  
  89  16:37  Immortal  
  89  16:38  Immortal  
  87  16:42  Immortal  
  99  16:48  Stalker x4  
  99  16:49  Stalker  
  109  17:14  Stalker  
  109  17:15  Stalker x2  
  115  17:17  Stalker x2  
Show
View Real Time Build Order
Export as new Build Order

Dragoner Terran 

Build Orders: MMM Bio 

Get SALT Encoding   

  12  0:01  SCV  
  13  0:13  SCV  
  14  0:23  Supply Depot  
  14  0:25  SCV  
  15  0:41  Refinery  
  15  0:44  SCV  
  15  0:48  Barracks  
  16  0:56  SCV  
  17  1:08  SCV  
  18  1:17  Barracks  
  18  1:25  SCV  
  19  1:36  Marine, Supply Depot  
  20  1:54  Marine  
  21  2:08  Marine  
  21  2:12  Marine  
  23  2:23  SCV  
  23  2:26  Marine, Refinery  
  23  2:29  Marine  
  25  2:35  SCV  
  27  2:44  Marine  
  27  2:47  Marine, SCV  
  30  2:58  Unknown, Command Center  
  30  2:59  SCV  
  31  3:12  Barracks Reactor  
  31  3:28  Barracks Tech Lab  
  31  3:36  Supply Depot  
  31  3:37  Supply Depot  
  31  3:40  Supply Depot  
  31  3:58  Marine x2, Marauder  
  35  4:02  Combat Shields  
  35  4:09  Unknown  
  35  4:15  Marine x2  
  37  4:20  Marauder  
  39  4:33  Marine x2, SCV  
  39  4:34  SCV  
  39  4:35  Refinery  
  43  4:45  SCV  
  43  4:46  SCV  
  43  4:51  Marine x2  
  43  4:52  Marauder  
  49  4:58  SCV x2  
  51  5:09  Marine  
  51  5:10  SCV x2  
  51  5:13  Marauder  
  46  5:55  Marine  
  46  5:56  Marine  
  46  5:59  Marauder  
  46  6:00  Stimpack  
  48  6:09  Engineering Bay  
  48  6:13  Marine x2  
  50  6:20  Marauder  
  52  6:31  Marine x2  
  50  6:42  Marauder  
  52  6:49  Marine x2  
  45  7:05  Marauder  
  45  7:06  Terran Infantry Weapons Level 1  
  45  7:07  Marine x2  
  49  7:12  SCV  
  49  7:13  SCV  
  51  7:21  Factory  
  51  7:24  Marine, SCV  
  51  7:25  Marine, SCV  
  51  7:27  Barracks, Marauder  
  57  7:36  SCV  
  59  7:37  SCV  
  59  7:42  Marine x2  
  61  7:48  Marauder  
  61  7:49  SCV x2  
  65  7:57  Missile Turret  
  65  8:00  Marine x2  
  67  8:10  Concussive Shells, Marauder  
  67  8:12  Factory Tech Lab  
  69  8:15  Orbital Command  
  69  8:18  Missile Turret, Marine  
  70  8:36  Unknown, Command Center  
  70  8:38  Marine  
  70  8:40  Marine  
  53  8:56  Marine  
  53  9:09  Siege Tank  
  52  9:11  Marauder  
  52  9:12  Marine  
  52  9:13  Marine  
  52  9:16  Planetary Fortress  
  52  9:22  Barracks Tech Lab  
  52  9:30  Marine  
  53  9:31  Marine  
  53  9:33  Marauder  
  56  9:41  Siege Tank  
  59  9:47  Unknown  
  59  9:48  Marine  
  59  9:49  Marine  
  59  9:52  Marauder  
  63  9:54  Marauder  
  65  10:03  Terran Infantry Armor Level 1  
  65  10:06  Marine  
  66  10:07  Marine, Armory  
  66  10:10  Planetary Fortress  
  66  10:13  Marauder  
  69  10:16  Marauder  
  71  10:23  Marine  
  71  10:25  Marine  
  73  10:34  Marauder  
  75  10:37  Marauder  
  75  10:41  Marine  
  68  10:42  Marine  
  62  10:56  Marauder  
  64  10:58  Marauder  
  64  10:59  Marine  
  64  11:00  Marine  
  56  11:17  Marine, Siege Tank, Marauder  
  56  11:18  Marine  
  62  11:20  Marauder  
  65  11:35  Marine  
  65  11:36  Marine  
  65  11:39  Marauder  
  69  11:41  Marauder  
  71  11:50  Siege Tank  
  71  11:52  Marine  
  71  11:54  Marine  
  75  11:57  Terran Infantry Weapons Level 2  
  75  12:00  Marauder  
  78  12:02  Marauder  
  78  12:06  Refinery, SCV  
  81  12:10  Marine  
  81  12:11  Marine  
  83  12:18  SCV  
  84  12:31  SCV  
  70  13:19  Marine x2  
  72  13:21  Marauder  
  72  13:22  Marauder  
  76  13:37  Marine x2  
  70  13:42  Marauder  
  70  13:43  Marauder  
  69  13:54  Marine  
  69  13:55  Marine  
  62  14:03  Barracks  
  62  14:04  Marauder  
  62  14:05  Marauder  
  66  14:12  Marine  
  66  14:13  Marine  
  68  14:18  Barracks  
  68  14:25  Marauder  
  68  14:26  Marauder  
  68  14:27  Refinery  
  68  14:29  Refinery  
  72  14:36  Siege Tank  
  75  14:38  Terran Infantry Weapons Level 3  
  75  14:41  Terran Vehicle Weapons Level 1  
  75  14:46  Marine x2, Marauder  
  75  14:48  Marauder  
  81  14:54  Barracks Reactor  
  81  15:04  Barracks Tech Lab, Marine x2  
  83  15:09  Marauder  
  85  15:29  Marine  
  85  15:31  Marine  
  85  15:40  Siege Tank, Marauder x2  
  82  15:46  Marine  
  82  15:49  Marine  
  68  16:01  Marauder x2  
  35  16:36  Marauder  
  35  16:37  Marauder  
  32  16:40  Marine, Siege Tank  
  32  16:41  Marine  
  32  16:43  Marauder  
  34  16:57  Marauder  
  34  16:58  Marine x2, Marauder  
  36  17:05  Marauder  
  37  17:16  Marine x2  
Tags
 
Add a new tag
Caveats
  • Supply blocks, unpowered buildings, or Contaminate may cause inaccurate times.
  • Supply counts are checked every 10 seconds.